 Dungeon Crawl Stone Soup version 0.27.1-35-g4d5d836560 (webtiles) character file.

Game seed: 918875688994460264

2328 Delamore the Covert (level 9, -2/54 HPs)
             Began as an Octopode Brigand on Mar 2, 2022.
             Was an Initiate of Gozag.
             Slain by a gnoll (4 damage)
             ... on level 7 of the Dungeon.
             The game lasted 00:09:14 (6678 turns).

Delamore the Covert (Octopode Brigand)              Turns: 6678, Time: 00:09:15

Health: -2/54      AC:  1    Str: 11    XL:     9   Next: 42%
Magic:  9/9        EV: 13    Int: 19    God:    Gozag
Gold:   204        SH:  0    Dex: 16    Spells: 3/8 levels left

rFire    . . .     SeeInvis .   m - +1 short sword (elec)
rCold    . . .     Faith    .   (no shield)
rNeg     . . .     Spirit   .   (helmet restricted)
rPois    .         Reflect  .   q - amulet of regeneration
rElec    .         Harm     .   k - +6 ring of intelligence
rCorr    .         Rampage  .   (no ring)
Will     .....                  (no ring)
Stlth    +++++.....             (no ring)
HPRegen  1.18/turn              (no ring)
MPRegen  0.11/turn              (no ring)
                                (no ring)
                                (no ring)

@: lethally poisoned (-2 -> -5)
A: almost no armour, amphibious, 8 rings, camouflage 1, gelatinous body 1,
(nimble swimmer 1), tentacles
a: Renounce Religion, Potion Petition, Call Merchant, Bribe Branch


You were on level 7 of the Dungeon.
You worshipped Gozag.
Gozag was aware of your devotion.
You visited 2 branches of the dungeon, and saw 9 of its levels.
You also visited: Sewer and Ossuary.

You collected 411 gold pieces.
You spent 75 gold pieces at shops.
You paid 132 gold pieces to Gozag.

Inventory:

Hand Weapons
 a - a +2 dagger
 m - a +1 short sword of electrocution (weapon)
Missiles
 b - 52 poisoned darts (quivered)
 c - 2 curare-tipped darts
 w - 4 boomerangs
Jewellery
 k - a +6 ring of intelligence (left tentacle)
 q - an amulet of regeneration (around mantle)
Wands
 o - a wand of charming (15)
 u - a wand of polymorph (8)
 A - a wand of digging (6)
 C - a wand of acid (7)
Scrolls
 d - 3 scrolls of teleportation
 h - 2 scrolls of enchant armour
 n - 3 scrolls of enchant weapon
 p - a scroll of immolation
 r - a scroll of silence
 s - a scroll of brand weapon
 y - 2 scrolls of noise {unknown}
 z - a scroll of summoning
 B - a scroll of blinking {unknown}
Potions
 e - 2 potions of heal wounds
 f - 5 potions of curing
 g - 4 potions of flight {unknown}
 i - 4 potions of haste {unknown}
 j - 2 potions of cancellation {unknown}
 l - 2 potions of mutation {unknown}
 t - 2 potions of brilliance {unknown}
 v - 2 potions of lignification {unknown}
 x - a potion of attraction {unknown}


   Skills:
 - Level 2.0 Fighting
 - Level 2.7 Short Blades
 - Level 2.0 Throwing
 - Level 1.0 Dodging
 - Level 10.0 Stealth
 + Level 7.4 Unarmed Combat
 + Level 7.4 Transmutations


You had 3 spell levels left.
You knew the following spells:

 Your Spells              Type           Power      Damage    Failure   Level
a - Blade Hands           Tmut           14%        N/A       28%         5

Your spell library contained the following spells:

 Spells                   Type           Power      Damage    Failure   Level
 Wereblood                Tmut           28%        N/A       1%          2
 Magic Dart               Conj           0%         1d3       21%         1
 Searing Ray              Conj           0%         3d3       30%         2
 Sublimation of Blood     Necr           0%         N/A       30%         2
 Portal Projectile        Hex/Tloc       0%         N/A       52%         3
 Fulminant Prism          Conj/Hex       0%         3d6       90%         4
 Excruciating Wounds      Necr           0%         N/A       99%         5
 Summon Hydra             Summ           0%         N/A       100%        7


Dungeon Overview and Level Annotations

Branches:
Dungeon (8/15)             Temple (1/1) D:6           Sewer (visited)
Ossuary (visited)
   Lair: D:8-11

Altars:
Ashenzari
Cheibriados
Dithmenos
Fedhas
Gozag
Hepliaklqana
Kikubaaqudgha
Nemelex Xobeh
Ru
Sif Muna
Trog
Uskayaw
Vehumet
Wu Jian
Xom
Zin
Lugonu

Shops:
D:4 =   D:6 [*(:=

Annotations:
D:7 1 runed translucent door


Innate Abilities, Weirdness & Mutations

You cannot wear most types of armour.
You are amphibious.
You can wear up to eight rings at the same time.
Your skin changes colour to match your surroundings (Stealth+).
Your rubbery body absorbs attacks. (AC +1, EV +1)
((You are camouflaged near water. (Stealth+)))
You have tentacles for arms and can constrict up to eight enemies at once.


Message History

The killer bee barely misses you. The killer bee barely misses you.
A gnoll shaman comes into view. It is wielding a +0 club.
There is a stone staircase leading down here.
The killer bee is no longer distracted by gold.
The killer bee completely misses you. The gnoll hits you with a +0 whip.
* * * LOW HITPOINT WARNING * * *
You climb downwards.
Found a scroll of identify.
Found a stone staircase leading down.
There is a stone staircase leading up here.
You completely miss the killer bee. You grab the killer bee.
You squeeze the killer bee.
You kill the killer bee!
You start resting.
HP restored.
You now have 204 gold pieces (gained 8).
D - a scroll of identify
There are no items here.
As you read the scroll of identify, it crumbles to dust.
r - a scroll of silence
There is a stone staircase leading up here.
Found 20 gold pieces.
There is a stone staircase leading up here.
You climb upwards.
Level annotation: 1 runed translucent door The killer bee stings you!
The killer bee stings you.
You are poisoned.
The killer bee poisons you! The gnoll hits you with a +0 spear.
The gnoll hits you with a +0 whip! The killer bee stings you!
You are more poisoned.
The killer bee poisons you!
There is a stone staircase leading down here.
You feel very sick. The killer bee stings you!
* * * LOW HITPOINT WARNING * * *
The gnoll hits you with a +0 spear.
* * * LOW HITPOINT WARNING * * *
The gnoll hits you with a +0 whip.
You die...
Your body crumbles into a pile of gold.

#.#...#.#.>.......#.##.#.# #..
#.##.##.#.######.#...#.#.# #..
#....÷.÷#.#Z.,.....#.#.#.#*#..
###..####.#.#####....#.#..,#..
#..# #...##**#.####.###,#..
#..# ###..,,,...* #.# *,#..
#..# #.#****+## *,* *,,,,
#..######:####,≈.# *,* *,,,≈
#........yg@g#,≈,* *,***,,≈≈
#########.#y##,≈,* *,**,,,≈≈
#.#.#*,≈,* *,,,,,,≈≈
##g#.#*,$$* *****,,,≈
#?$..#***** *,,,,
*****#.....#*,* *,*,,
*,,,.......#*,* *,***
*,*#######.#*,* ****,*** *,*
*.#*,*****,,,,,,,


You could see 2 killer bees and 2 gnolls.

Vanquished Creatures
  2 wraiths (Ossuary)
  2 water moccasins
  2 ice beasts
  Purgy (Sewer)
  A necrophage (D:6)
  2 centaurs
  A sky beast (D:6)
  An ogre (D:6)
  A phantom (D:6)
  A bullfrog (D:6)
  2 wyvern skeletons
  2 killer bees
  3 wights (Ossuary)
  3 howler monkeys (D:7)
  A bullfrog zombie (D:5)
  2 hounds (D:4)
  3 orc priests
  2 jellies
  3 iguanas
  Jessica (D:3)
  An orc wizard (D:3)
  A howler monkey skeleton (D:7)
  6 adders
  An adder skeleton (D:4)
  An adder zombie (Ossuary)
  2 worms (D:4)
  20 orcs
  7 endoplasms
  6 giant cockroaches
  4 goblins
  7 hobgoblins
  4 jackals
  A quokka (D:1)
  10 ball pythons
  A ball python skeleton (Ossuary)
  11 bats
  5 frilled lizards
  2 hobgoblin skeletons (Ossuary)
  3 hobgoblin zombies (Ossuary)
  10 kobolds
  A kobold zombie (Ossuary)
  An orc zombie (Ossuary)
  9 rats
150 creatures vanquished.

Notes
Turn   | Place    | Note
-------+----------+-------------------------------------------
     0 | D:1      | Delamore the Octopode Brigand began the quest for the Orb.
     0 | D:1      | Reached XP level 1. HP: 14/14 MP: 1/1
   137 | D:1      | Reached XP level 2. HP: 15/19 MP: 2/2
   511 | D:1      | Reached skill level 6 in Stealth
   977 | D:1      | Found a faded altar of an unknown god.
  1061 | D:1      | Reached XP level 3. HP: 24/24 MP: 3/3
  1845 | D:2      | Reached XP level 4. HP: 29/29 MP: 4/4
  2142 | D:3      | Reached skill level 7 in Stealth
  2464 | D:3      | Reached skill level 1 in Unarmed Combat
  2464 | D:3      | Reached skill level 1 in Transmutations
  2464 | D:3      | Reached XP level 5. HP: 9/34 MP: 5/5
  3659 | D:3      | Found a hazy altar of Hepliaklqana.
  3659 | D:3      | Noticed Jessica
  3660 | D:3      | Found a faded altar of an unknown god.
  3662 | D:3      | Killed Jessica
  3766 | D:4      | Reached skill level 8 in Stealth
  3834 | D:4      | Reached XP level 6. HP: 39/39 MP: 6/6
  3993 | D:4      | Found a glowing drain.
  4020 | Sewer    | Entered a sewer
  4048 | Sewer    | Noticed Purgy
  4058 | Sewer    | Killed Purgy
  4059 | Sewer    | Reached skill level 9 in Stealth
  4190 | D:4      | Found an ancient bone altar of Kikubaaqudgha.
  4196 | D:4      | Found Estrab's Jewellery Boutique.
  4245 | D:4      | Learned a level 5 spell: Blade Hands
  4245 | D:4      | Found a glowing silver altar of Zin.
  4537 | D:5      | Entered Level 5 of the Dungeon
  4755 | D:5      | Reached XP level 7. HP: 29/45 MP: 7/7
  4848 | D:5      | Found an ornate altar of the Wu Jian Council.
  5176 | D:5      | Found a blossoming altar of Fedhas.
  5289 | D:5      | Found a shadowy altar of Dithmenos.
  5364 | D:6      | Found Hujaost's General Store.
  5381 | D:6      | Reached skill level 10 in Stealth
  5396 | D:6      | Bought a potion of heal wounds for 75 gold pieces
  5402 | D:6      | Found Busownu's Weapon Shop.
  5455 | D:6      | Found Duqidiw's Book Shoppe.
  5464 | D:6      | Found Saudgh's Jewellery Shop.
  5521 | D:6      | Reached XP level 8. HP: 47/50 MP: 8/8
  5787 | D:6      | Found Ymec's Antique Armour Shoppe.
  5851 | D:6      | Found a staircase to the Ecumenical Temple.
  5853 | D:6      | Reached skill level 5 in Unarmed Combat
  5853 | D:6      | Reached skill level 5 in Transmutations
  5910 | Temple   | Entered the Ecumenical Temple
  6096 | D:7      | Found a sand-covered staircase.
  6103 | Ossuary  | Entered an ossuary
  6197 | Ossuary  | Noticed a wraith
  6197 | Ossuary  | Noticed a flying skull
  6204 | Ossuary  | Noticed a flying skull
  6206 | Ossuary  | Noticed a flying skull
  6208 | Ossuary  | Noticed a flying skull
  6210 | Ossuary  | Noticed a flying skull
  6224 | Ossuary  | Noticed a wraith
  6240 | Ossuary  | Killed a wraith
  6241 | Ossuary  | Reached XP level 9. HP: 23/54 MP: 9/9
  6440 | D:7      | Found an opulent altar of Gozag.
  6460 | D:7      | Became a worshipper of Gozag Ym Sagoz the Greedy
  6574 | D:7      | Found a runed translucent door.
  6678 | D:7      | HP: 2/54 [gnoll (6)]
  6678 | D:7      | Slain by a gnoll

Illustrated notes

Levels and vault maps discovered:
D:1:      evilmike_arrival_home_sweet_home, layout_basic,
          ebering_ecumenical_altar_hall, serial_forest,
          infiniplex_forest_lined_1, infiniplex_forest_clump_cross,
          infiniplex_forest_lined_room_2, infiniplex_forest_clump_tiny,
          infiniplex_forest_end_2, infiniplex_forest_pool
D:2:      layout_basic
D:3:      minmay_razor_zed, layout_basic, beargit_hepliaklqana_dungeon_heroes,
          hangedman_decor_push, minmay_stone_trees_small
D:4:      layout_basic, mainiacjoe_overflow_catch_the_wave,
          portal_sewer_entry_c, minmay_shop_enchanted_jewellery
D:5:      layout_basic, mainiacjoe_overflow_alcove_2, mainiacjoe_overflow_swirl,
          serial_rivers, chequers_serial_rivers_small_3,
          chequers_serial_rivers_micro_c, chequers_serial_rivers_small_3,
          chequers_serial_rivers_small_b, chequers_serial_rivers_room_b
D:6:      layout_rooms, minmay_temple_entry_statues_fountains, serial_shops,
          shop, nicolae_shop_statue_plus, shop_statue, shop,
          nicolae_diamond_shop, grunt_decor_cap
D:7:      layout_loops_ring, mainiacjoe_overflow_small_starburst,
          elyvilon_altar_3, enter_ossuary_1, ebering_ghost_reflecting_pool
D:8:      layout_cave_pods, bloody_makhleb, mainiacjoe_overflow_cross_hatched
Temple:   corrupted_temple

Skill      XL: |  1  2  3  4  5  6  7  8  9 |
---------------+----------------------------+-----
Stealth        | 6 7 8 9 10 | 10.0
Unarmed Combat | 1 2 4 6 7 |  7.4
Transmutations | 1 2 4 6 7 |  7.4
Fighting       | |  2.0
Short Blades   | |  2.7
Throwing       | |  2.0
Dodging        | |  1.0

Action                   |  1- 3 |  4- 6 |  7- 9 || total
-------------------------+-------+-------+-------++-------
Melee: Dagger            |    62 |     9 |       ||    71
       Constrict         |    12 |    15 |    14 ||    41
       Tentacles         |     6 |    10 |    26 ||    42
       Short sword       |       |    83 |   141 ||   224
       Punch             |       |     1 |     1 ||     2
  Use: Scroll            |     2 |     4 |     5 ||    11
       Potion            |       |       |     3 ||     3
 Stab: Sleeping          |    12 |    28 |    17 ||    57
       Distracted        |       |     2 |       ||     2
Armor: Skin              |     5 |     5 |     4 ||    14
Dodge: Dodged            |    36 |    43 |    75 ||   154
